 Dungeon Crawl Stone Soup version 0.22-a0-430-g6609fc6 (webtiles) character file.

2814 hyperquik the Geomancer (level 9, 51/51 HPs)
             Began as an Octopode Earth Elementalist on July 1, 2015.
             Was a Follower of Kikubaaqudgha.
             Quit the game on level 8 of the Dungeon on May 26, 2018.
             The game lasted 00:56:54 (13097 turns).

hyperquik the Geomancer (OpEE)                     Turns: 13097, Time: 00:56:54

Health: 51/51      AC:  3    Str:  9    XL:     9   Next: 72%
Magic:  19/19      EV: 15    Int: 20    God:    Kikubaaqudgha [*.....]
Gold:   51         SH:  0    Dex: 13    Spells: 0/21 levels left

rFire    . . .     SeeInvis .   a - +1 short sword (elec)
rCold    . . .     Gourm    .   (no shield)
rNeg     . . .     Faith    .   n - +2 hat
rPois    .         Spirit   .   (no amulet)
rElec    .         Reflect  .   u - +2 ring of strength
rCorr    +         Harm     .   C - ring of resist corrosion
MR       .....                  o - +2 ring of evasion
Stlth    +++.......             (no ring)
HPRegen  0.17/turn              (no ring)
MPRegen  0.16/turn              (no ring)
                                (no ring)
                                (no ring)

@: no status effects
A: almost no armour, stealthy swim, amphibious, 8 rings, constrict 8, camouflage
1, gelatinous body 1
a: Receive Corpses, Renounce Religion


You were on level 8 of the Dungeon.
You worshipped Kikubaaqudgha.
Kikubaaqudgha was aware of your devotion.
You were not hungry.

You visited 2 branches of the dungeon, and saw 9 of its levels.

You collected 281 gold pieces.
You spent 230 gold pieces at shops.

Inventory:

Hand Weapons
 a - a +1 short sword of electrocution (weapon)
 b - a +4 shortbow
 c - a +1 vampiric whip {!w}
 w - a +0 blowgun
 H - a +1 mace of venom
 M - a +3 mace of holy wrath
Missiles
 f - 4 needles of sleeping
 k - 2 tomahawks of dispersal {=f}
 v - 47 poisoned needles
 B - 5 tomahawks
 E - 155 stones (quivered)
 Q - 78 arrows
 T - 4 throwing nets {=f}
 V - 8 needles of paralysis
Armour
 n - a +2 hat (worn)
Jewellery
 j - an uncursed ring of fire {rF+, rC-}
 o - a +2 ring of evasion (on tentacle)
 r - an uncursed amulet of harm
 u - a +2 ring of strength (left tentacle)
 C - a ring of resist corrosion (right tentacle)
Wands
 y - a wand of flame (33)
 L - a wand of acid (2)
Scrolls
 d - 2 scrolls of random uselessness {unknown}
 e - 3 scrolls of fear
 g - a scroll of immolation {unknown}
 p - a scroll of noise {unknown}
 t - 5 scrolls of teleportation
 x - 2 scrolls of fog
 z - 5 scrolls of enchant weapon {unknown}
 G - 3 scrolls of amnesia
 J - 4 scrolls of magic mapping {!r}
 N - a scroll of acquirement {unknown}
 S - a scroll of enchant armour {unknown}
Potions
 h - 2 potions of heal wounds
 m - 2 potions of mutation {!q}
 q - a potion of lignification {!q}
 s - 5 potions of resistance
 D - a potion of flight
 P - a potion of berserk rage {!q}
 R - a potion of invisibility
 W - a potion of brilliance
Comestibles
 i - 2 rations
 A - 6 rations
 I - a ration


   Skills:
 - Level 2.0 Dodging
 - Level 2.6 Stealth
 + Level 6.9 Spellcasting
 * Level 6.3 Necromancy
 - Level 1.0 Transmutations
 - Level 9.3 Earth Magic


You couldn't memorise any spells.
You knew the following spells:

 Your Spells              Type           Power        Failure   Level  Hunger
a - Sandblast             Erth           #####.       1%          1    None
b - Corpse Rot            Necr           N/A          1%          2    None
c - Animate Dead          Necr           N/A          7%          4    ###....
r - Regeneration          Chrm/Necr      ###.......   8%          3    #......
w - Passwall              Tmut/Erth      ####....     1%          2    None
x - Stone Arrow           Conj/Erth      ####..       4%          3    #......
z - Lee's Rapid Deconstr  Erth           #####.....   6%          5    #####..
A - Animate Skeleton      Necr           N/A          1%          1    None

Your spell library contained the following spells:

 Spells                   Type           Power        Failure   Level  Hunger
 Mephitic Cloud           Conj/Pois/Air  #.......     28%         3    #......
 Venom Bolt               Conj/Pois      #.........   95%         5    #####..
 Olgreb's Toxic Radiance  Pois           #.......     67%         4    ###....
 Pain                     Necr           ####         1%          1    None
 Control Undead           Necr           ####......   7%          4    ###....
 Vampiric Draining        Necr           ####......   1%          3    #......
 Sting                    Conj/Pois      #...         10%         1    None
 Sublimation of Blood     Necr           ####......   1%          2    None
 Poisonous Vapours        Pois/Air       #.....       14%         2    None


Dungeon Overview and Level Annotations

Branches:
Dungeon (8/15)             Temple (1/1) D:7
   Lair: D:8-11

Altars:
Ashenzari
Cheibriados
Dithmenos
Fedhas
Gozag
Kikubaaqudgha
Makhleb
Nemelex Xobeh
Okawaru
Qazlal
Ru
Sif Muna
Trog
Vehumet
Xom
Yredelemnul
The Shining One
Lugonu

Shops:
D:4 (   D:6 ?   D:7 **[=?   D:8 ?

Annotations:
D:3 Jessica
D:6 exclusion: skeletal warrior


Innate Abilities, Weirdness & Mutations

You cannot wear most types of armour.
You are very stealthy in the water. (Stealth+)
You are amphibious.
You can wear up to eight rings at the same time.
You can use your tentacles to constrict eight enemies at once.
Your skin changes colour to match your surroundings (Stealth+).
Your rubbery body absorbs attacks. (AC +1, EV +1)


Message History

All of the chunks of flesh in your inventory have rotted away.
Health restored: 51 You see here a flail.
Things that are here:
a hand axe x2
You see here a flail.
Done exploring.
Done exploring.
Save game and exit?
Welcome back, hyperquik the Octopode Earth Elementalist.
Kikubaaqudgha says: Spread unending torment and darkness!
Okay, then.
Okay, then.
Drop what? 45/52 slots (_ for help) (? for menu, Esc to quit)
You drop 3 scrolls of removedness.
Okay, then.
Quiver which item? (- for none, * to show all) (? for menu, Esc to quit)
Okay, then.
Okay, then.
Unknown command.

##########
#########.........
#.................
#.#######......##.
#.# ####......##.
#.# #........>...
#.# #.##......###
#@####.##......#
#......)))...###
######.##.##.#
#......##.#
##.#.#####.#
#....# #.# #.#..#
#.##### #...##
#...... ##.##
#.#####


There were no monsters in sight!

Vault maps used:
D:1:      dpeg_arrival_signposts
D:2:      uniq_natasha
D:3:      lightli_temple_of_fire, serial_co_window_serial, co_window_corner_a,
          co_window_paths_a, co_window_paths_b, co_window_paths_a,
          co_window_cross_1, co_window_2corner, co_window_of_opportunity_b,
          co_window_corner_ca, glass_columns_b, kennysheep_nondescript,
          uniq_jessica
D:4:      serial_shops, nicolae_shop_overgrown_old_shop, first_bread,
          serial_park_tiny_1
D:5:      grunt_temple_overflow_magic_moments, kennysheep_mini_moat,
          lemuel_doored_altar, minitemple,
          nicolae_dithmenos_through_a_glass_darkly, uniq_crazy_yiuf_cottage
D:6:      minmay_klotski, marbit_many_paths, overflow_temple_1_default,
          serial_shops, nicolae_shop_stone
D:7:      minmay_temple_entry_water_ring, serial_shops, shop, shop,
          nicolae_shop_trees, shop_statue,
          nicolae_shop_temple_entry_statues_fountains, uniq_menkaure
D:8:      serial_shops, shop, grunt_ogre_cave
Temple:   corrupted_temple

Notes
Turn   | Place    | Note
-------+----------+-------------------------------------------
     0 | D:1      | hyperquik the Octopode Earth Elementalist began the quest for the Orb.
     0 | D:1      | Reached XP level 1. HP: 11/11 MP: 3/3
   412 | D:1      | Reached XP level 2. HP: 17/17 MP: 0/5
   920 | D:1      | Reached skill level 4 in Earth Magic
  1064 | D:1      | HP: 4/17 [giant cockroach (2)]
  1067 | D:1      | Reached XP level 3. HP: 4/21 MP: 1/6
  1301 | D:1      | Learned a level 2 spell: Stoneskin
  1305 | D:1      | Learned a level 3 spell: Stone Arrow
  2129 | D:2      | Noticed Natasha
  2140 | D:2      | Killed Natasha
  2140 | D:2      | Reached XP level 4. HP: 14/27 MP: 2/7
  2507 | D:2      | Upgraded the game from 0.17-a0-1468-gbf503c2 to 0.20-a0-1089-g3fde505
  2674 | D:2      | Reached skill level 5 in Earth Magic
  2710 | D:2      | Noticed Natasha
  2716 | D:2      | Killed Natasha
  2732 | D:2      | Noticed Natasha
  2738 | D:2      | Killed Natasha
  2901 | D:2      | Reached XP level 5. HP: 31/31 MP: 6/8
  3317 | D:3      | hyperquik: !whichgod opee
  3323 | D:3      | beem: 8 recent wins: 3x Sif Muna, 2x Vehumet, Uskayaw, The Shining One, Dithmenos
  3959 | D:3      | Reached skill level 6 in Earth Magic
  3966 | D:3      | Reached XP level 6. HP: 34/36 MP: 10/10
  3970 | D:3      | Identified a +0 blowgun (You took it off a kobold on level 3 of the Dungeon)
  4037 | D:3      | Noticed Jessica
  4098 | D:3      | Reached skill level 3 in Spellcasting
  4105 | D:3      | Learned a level 5 spell: Lee's Rapid Deconstruction
  4108 | D:3      | Found a bloodstained altar of Trog.
  4525 | D:4      | Identified 3 scrolls of teleportation
  4587 | D:4      | Identified 2 scrolls of identify
  4587 | D:4      | Identified 2 potions of resistance
  4588 | D:4      | Identified 2 potions of degeneration
  4590 | D:4      | Identified a scroll of remove curse
  4591 | D:4      | Identified a scroll of fear
  4592 | D:4      | Identified a scroll of magic mapping
  5062 | D:4      | HP: 8/36 [centaur skeleton (6)]
  5305 | D:4      | Identified a ring of fire (You found it on level 4 of the Dungeon)
  5397 | D:4      | Found Wuukhuej's Antique Weapon Shoppe.
  5404 | D:4      | Reached XP level 7. HP: 41/41 MP: 3/12
  5470 | D:4      | Identified an amulet of harm (You found it on level 2 of the Dungeon)
  5498 | D:4      | Identified a +1 vampiric whip {!w} (You found it on level 2 of the Dungeon)
  5641 | D:4      | Identified a ring of strength (You found it on level 4 of the Dungeon)
  5771 | D:4      | HP: 10/41 [orc wizard/dagger (1)]
  5772 | D:4      | Reached skill level 7 in Earth Magic
  5776 | D:4      | Learned a level 2 spell: Passwall
  6173 | D:5      | Entered Level 5 of the Dungeon
  6202 | D:5      | Identified 2 potions of lignification
  6238 | D:5      | Found a shadowy altar of Dithmenos.
  6248 | D:5      | Found a burning altar of Makhleb.
  6282 | D:5      | Reached skill level 4 in Spellcasting
  6415 | D:5      | Identified 2 potions of heal wounds
  6416 | D:5      | Identified 2 potions of mutation
  6440 | D:5      | Found a radiant altar of Vehumet.
  6440 | D:5      | Found an ancient bone altar of Kikubaaqudgha.
  6441 | D:5      | Found a deep blue altar of Sif Muna.
  6447 | D:5      | Identified Sif Muna's Grimoire of Enchantment
  6456 | D:5      | Became a worshipper of Kikubaaqudgha
  6596 | D:5      | Found a shattered altar of Ashenzari.
  6600 | D:5      | HP: 1/41 [ogre/giant club (12)]
  7342 | D:5      | Identified a +1 short sword of electrocution (You took it off a kobold on level 5 of the Dungeon)
  7405 | D:5      | Found a snail-covered altar of Cheibriados.
  7483 | D:5      | Found a runed door.
  7493 | D:5      | Identified a +3 mace of holy wrath (You found it on level 5 of the Dungeon)
  7555 | D:5      | Reached skill level 8 in Earth Magic
  7610 | D:5      | Found a shadowy altar of Dithmenos.
  7725 | D:5      | Noticed Crazy Yiuf
  7727 | D:5      | Killed Crazy Yiuf
  7727 | D:5      | Reached XP level 8. HP: 46/46 MP: 7/14
  7747 | D:5      | Identified a cursed -3 mace (You found it on level 5 of the Dungeon)
  7850 | D:6      | Identified a potion of flight
  7892 | D:6      | Found a sacrificial altar of Ru.
  8047 | D:6      | HP: 1/46 [orc warrior/enchanted halberd (15)]
  8095 | D:6      | HP: 2/46 [orc wizard/magic dart (7)]
  8648 | D:6      | Found Ogatef's Magic Scroll Shop.
  8672 | D:6      | Identified a +1 mace of venom (You found it on level 5 of the Dungeon)
  8673 | D:6      | Identified a +0 mace of crushing (You found it on level 5 of the Dungeon)
  8953 | D:6      | Reached skill level 5 in Spellcasting
  9094 | D:6      | Found a blossoming altar of Fedhas.
  9097 | D:6      | Reached skill level 9 in Earth Magic
  9446 | D:6      | Identified a +4 shortbow (You took it off a centaur on level 6 of the Dungeon)
  9811 | D:7      | Found Hutti's Magic Scroll Shoppe.
  9817 | D:7      | Bought a scroll of identify for 32 gold pieces
  9817 | D:7      | Bought a scroll of fog for 32 gold pieces
  9874 | D:6      | Bought a scroll of amnesia for 35 gold pieces
  9877 | D:6      | Learned a level 1 spell: Animate Skeleton
  9881 | D:6      | Learned a level 3 spell: Regeneration
  9935 | D:7      | Found a staircase to the Ecumenical Temple.
  9963 | Temple   | Entered the Ecumenical Temple
 10044 | D:7      | Found Yskocobb's Jewellery Emporium.
 10066 | D:7      | Found Laasazor's Assorted Antiques.
 10074 | D:7      | Bought a murky yellow potion for 23 gold pieces
 10074 | D:7      | Bought a sapphire potion for 23 gold pieces
 10150 | D:6      | Bought a scroll of identify for 20 gold pieces
 10341 | D:7      | Identified a ring of resist corrosion (You found it on level 7 of the Dungeon)
 10370 | D:7      | Reached skill level 1 in Necromancy
 10375 | D:7      | Reached skill level 2 in Necromancy
 10381 | D:7      | Bought a scroll labeled IMEM IVIEMIRR for 26 gold pieces
 10807 | D:6      | Reached skill level 3 in Necromancy
 10807 | D:6      | Reached XP level 9. HP: 47/51 MP: 9/17
 10831 | D:6      | Noticed a skeletal warrior
 11030 | D:7      | Reached * piety under Kikubaaqudgha
 11030 | D:7      | Identified Kikubaaqudgha's Reference Book on Darkness (Kikubaaqudgha gifted it to you on level 7 of the Dungeon)
 11030 | D:7      | Received a gift from Kikubaaqudgha
 11039 | D:7      | Learned a level 2 spell: Corpse Rot
 11077 | D:7      | Found Hivioschu's Armour Shop.
 11099 | D:7      | Noticed Menkaure
 11102 | D:7      | hyperquik: ??tree_form
 11102 | D:7      | beem: tree form[1/3]: Immobile form with -Tele, +50% HP, 20 + XL/2 AC, minimal EV, rN+++, rPois, torment immunity, and gives +12 base UC damage. Unlike statue form, tree form does NOT give rot or poison immunity.
 11120 | D:7      | Killed Menkaure
 11120 | D:7      | Reached skill level 6 in Spellcasting
 11225 | D:7      | Found Vegeogu's General Store.
 11400 | D:7      | Identified a ring of evasion (You found it on level 7 of the Dungeon)
 11620 | D:8      | Reached skill level 4 in Necromancy
 11692 | D:7      | Bought a potion of curing for 39 gold pieces
 11721 | D:8      | Identified a potion of brilliance
 12104 | D:8      | Reached skill level 5 in Necromancy
 12485 | D:8      | Learned a level 4 spell: Animate Dead
 12661 | D:8      | Found Huugij's Magic Scroll Shoppe.
 12744 | D:8      | Reached skill level 6 in Necromancy
 12791 | D:8      | HP: 9/51 [something (4)]
 12799 | D:8      | HP: 7/51 [something/puff of flame (2)]
 13096 | D:8      | Upgraded the game from 0.20-a0-1089-g3fde505 to 0.22-a0-430-g6609fc6
 13097 | D:8      | Quit the game

Table legend:
 A = Turns spent in this place as a percentage of turns spent in the entire game.
 B = Non-inter-level travel turns spent in this place as a percentage of non-inter-level travel turns spent in the entire game.
 C = Inter-level travel turns spent in this place as a percentage of turns spent in this place.
 D = Turns resting spent in this place as a percentage of non-inter-level travel turns spent in this place.
 E = Turns spent auto-exploring this place as a percentage of non-inter-level travel turns spent in this place.
 F = Non-inter-level travel turns spent in this place divided by the number of levels of this place that you've seen.
                   A       B       C       D       E      F
               +-------+-------+-------+-------+-------+----------------------
         Total | 100.0 | 100.0 |   0.8 |   4.3 |   6.2 | 410.1
       Dungeon |  98.8 |  98.8 |   0.8 |   4.3 |   6.2 | 456.0
        Temple |   1.2 |   1.2 |   2.3 |   0.0 |   2.3 |  43.0
               +-------+-------+-------+-------+-------+----------------------

Table legend:
 A = Kills in this place as a percentage of kills in entire the game.
 B = Kills by you in this place as a percentage of kills by you in the entire game.
 C = Kills by friends in this place as a percentage of kills by friends in the entire game.
 D = Other kills in this place as a percentage of other kills in the entire game.
 E = Experience gained in this place as a percentage of experience gained in the entire game.
 F = Experience gained in this place divided by the number of levels of this place that you have seen.
                   A       B       C       D       E      F
               +-------+-------+-------+-------+-------+----------------------
         Total | 100.0 | 100.0 | 100.0 |   N/A | 100.0 | 446.8
       Dungeon | 100.0 | 100.0 | 100.0 |   N/A | 100.0 | 502.6
               +-------+-------+-------+-------+-------+----------------------

Skill      XL: |  1  2  3  4  5  6  7  8  9 |
---------------+----------------------------+-----
Earth Magic    | 4 5 6 8 9 |  9.3
Spellcasting   | 3 4 5 6 |  6.9
Necromancy     | 3 6 |  6.3
Dodging        | |  2.0
Stealth        | |  2.6
Transmutations | |  1.0

Action                   |  1- 3 |  4- 6 |  7- 9 || total
-------------------------+-------+-------+-------++-------
Melee: Unarmed           |    58 |   209 |    15 ||   282
       Constrict         |       |    49 |    43 ||    92
       Tentacles         |       |    36 |    32 ||    68
       Whip              |       |       |    38 ||    38
       Short sword       |       |       |   148 ||   148
Throw: Stone             |       |     2 |    26 ||    28
 Cast: Sandblast         |    33 |     7 |       ||    40
       Stoneskin         |     1 |       |       ||     1
       Sandblast         |       |    38 |    52 ||    90
       Stone Arrow       |       |     4 |    62 ||    66
       Animate Skeleton  |       |       |    13 ||    13
       Regeneration      |       |       |     2 ||     2
       Corpse Rot        |       |       |     2 ||     2
       Animate Dead      |       |       |     1 ||     1
Invok: Receive Corpses   |       |       |     3 ||     3
Evoke: Wand              |       |       |     2 ||     2
  Use: Scroll            |     1 |       |       ||     1
       Scroll            |       |     6 |    10 ||    16
       Potion            |       |       |     2 ||     2
 Stab: Sleeping          |     3 |     1 |       ||     4
       Sleeping          |       |     8 |     4 ||    12
       Distracted        |       |       |     1 ||     1
  Eat: Chunk             |     4 |     2 |       ||     6
       Chunk             |       |     9 |    20 ||    29
       Ration            |       |       |     2 ||     2
       Buggy fruit       |       |       |     3 ||     3
       Buggy jelly       |       |       |     1 ||     1
Armor: Skin              |       |    44 |    51 ||    95
Dodge: Dodged            |       |   162 |   140 ||   302

Vanquished Creatures
  Menkaure (D:7)
  3 yaks (D:8)
  A water moccasin (D:7)
  2 orc warriors
  A necrophage (D:8)
  2 ogres
  2 centaurs
  4 bullfrogs
  A howler monkey (D:6)
  2 crimson imps
  2 jellies (D:6)
  2 orc priests
  2 quasits (D:6)
  2 centaur skeletons (D:4)
  Crazy Yiuf (D:5)
  3 hounds
  Natasha (thrice) (D:2)
  An iguana (D:5)
  9 orc wizards
  3 worker ants
  A hound zombie (D:8)
  A howler monkey zombie (D:6)
  6 gnolls
  A howler monkey skeleton (D:7)
  7 adders
  An ooze (D:3)
  An adder skeleton (D:6)
  10 worms
  4 leopard geckos
  28 orcs
  12 bats
  8 goblins
  5 hobgoblins
  24 jackals
  5 quokkas
  3 ball pythons
  8 frilled lizards
  8 giant cockroaches
  A jackal zombie (D:5)
  11 kobolds
  2 quokka skeletons
  5 rats
199 creatures vanquished.

Vanquished Creatures (collateral kills)
  A phantom (D:8)
  An orc priest (D:8)
  An orc (D:8)
3 creatures vanquished.

Grand Total: 202 creatures vanquished
